 Dungeon Crawl Stone Soup version 0.30-a0-743-gbfdf073431 (webtiles) character file.

Game seed: 15429331324800870757

43 Leeroy the Slasher (level 3, -2/18 HPs)
             Began as a Vine Stalker Warper on Feb 6, 2023.
             Slain by Sigmund
             ... wielding a +1 heavy scythe
              (16 damage)
             ... on level 2 of the Dungeon.
             The game lasted 00:01:54 (1000 turns).

Leeroy the Slasher (Vine Stalker Warper)            Turns: 1000, Time: 00:01:55

Health: -2/18      AC:  7    Str: 13    XL:     3   Next: 58%
Magic:  0/7        EV: 11    Int: 13    God:
Gold:   85         SH:  0    Dex: 15    Spells: 6/6 levels left

rFire   . . .      SeeInvis .    a - +0 falchion
rCold   . . .      Faith    .    (no shield)
rNeg    . . .      Spirit   +    k - +0 ring mail
rPois   .          Reflect  .    (no helmet)
rElec   .          Harm     .    (no cloak)
rCorr   .          Rampage  .    m - +0 pair of gloves
Will    .....                    i - +0 pair of boots
Stlth   +                        (no amulet)
HPRegen 0.23/turn                (no ring)
MPRegen 0.10/turn                (no ring)

@: no status effects
A: fangs 2, magic shield, antimagic bite, no potion heal 2
a: no special abilities


You were on level 2 of the Dungeon.
You visited 1 branch of the dungeon, and saw 2 of its levels.

You collected 85 gold pieces.

Inventory:

Hand Weapons
 a - a +0 falchion (weapon)
 l - a +0 rapier
 q - a +0 sling of freezing
Missiles
 d - 7 boomerangs of dispersal (quivered)
 e - 6 poisoned darts
 n - 6 boomerangs
Armour
 b - a +0 leather armour
 i - a +0 pair of boots (worn)
 k - a +0 ring mail (worn)
 m - a +0 pair of gloves (worn)
Magical Staves
 p - a staff of earth
Scrolls
 c - a scroll of blinking
 f - a scroll of noise {unknown}
 g - 2 scrolls of teleportation {unknown}
Potions
 h - a potion of might {unknown}
 j - a potion of heal wounds {unknown}
 o - a potion of ambrosia {unknown}
 r - a potion of curing {unknown}


   Skills:
 - Level 1.7 Fighting
 - Level 3.1 Long Blades
 - Level 0.8 Throwing
 - Level 0.7 Armour
 + Level 2.1 Dodging
 - Level 2.1 Spellcasting
 - Level 3.0 Translocations


You had 6 spell levels left.
You didn't know any spells.
Your spell library contained the following spells:

 Spells                   Type           Power      Damage    Failure   Level
 Blink                    Tloc           18%        N/A       24%         2
 Lesser Beckoning         Tloc           18%        N/A       24%         2
 Teleport Other           Tloc           9%         N/A       43%         3
 Vhi's Electric Charge    Tloc/Air       10%        N/A       65%         3
 Manifold Assault         Tloc           9%         N/A       83%         4


Dungeon Overview and Level Annotations

Branches:
Dungeon (2/15)

Altars:

Annotations:
D:2 Sigmund


Innate Abilities, Weirdness & Mutations

You have extremely sharp teeth.
When hurt, damage is shared between your health and your magic reserves.
Your bite disrupts and absorbs the magic of your enemies.
Potions cannot restore your health.


Message History

HP restored.
Magic restored.
There is a stone staircase leading up here.
A bat is nearby!
No target in view!
No target in view!
Found a fizzy yellow potion.
The bat closely misses you.
Found a runed fluorescent wand.
The bat barely misses you.
You see here a +0 quarterstaff.
The bat hits you.
You slash the bat!
You kill the bat!
No target in view!
No target in view!
No target in view!
No target in view!
No target in view!
r - a fizzy yellow potion Sigmund the Dreaded comes into view.
He is wielding a +1 heavy scythe.
Found 2 murky brown potions.
Sigmund shouts!
Sigmund is nearby!
Sigmund looks at you with fury. Sigmund casts a spell at you.
The magic dart hits you.
You start resting.
Sigmund is nearby!
You hit Sigmund.
Sigmund is lightly wounded.
Sigmund casts a spell.
Sigmund flickers and vanishes!
Deactivating autopickup; reactivate with Ctrl-A.
You hit something. Your bite misses something.
You hear some strange, mumbled words.
Something tries to affect you, but you resist.
You hit something. Something hits you.
You hit something. You miss something. Something hits you!!
Ouch! That really hurt!
You die...

#.....# #.....####
#.........#### #.....#
#..... #.....# ###..
####.....####....
#.........#.<...#
######.......†.)..####
#....@.........#..#
#..####{..........##
...........###
..?........# #
.....##..##.# #
...!#./...##.# #
########...##.# #


There were no monsters in sight!

Vanquished Creatures
  An adder (D:2)
  2 dart slugs (D:1)
  2 ball pythons
  5 endoplasms
  A giant cockroach (D:2)
  4 hobgoblins (D:1)
  A quokka (D:1)
  3 bats
  2 frilled lizards (D:1)
  3 goblins (D:1)
  3 kobolds
27 creatures vanquished.

Notes
Turn   | Place    | Note
-------+----------+-------------------------------------------
     0 | D:1      | Leeroy the Vine Stalker Warper began the quest for the Orb.
     0 | D:1      | Reached XP level 1. HP: 11/11 MP: 4/4
   129 | D:1      | Reached XP level 2. HP: 15/15 MP: 6/6
   471 | D:1      | Reached XP level 3. HP: 16/18 MP: 7/7
   991 | D:2      | Noticed Sigmund
  1000 | D:2      | Slain by Sigmund

Illustrated notes

Levels and vault maps discovered:
D:1:      dpeg_arrival_ternary, layout_basic, st_stairs_14
D:2:      layout_rooms, uniq_sigmund

Skill      XL: |  1  2  3 |
---------------+----------+-----
Long Blades    | 2 3 |  3.1
Dodging        | 2 |  2.1
Fighting       | |  1.7
Throwing       | |  0.8
Armour         | |  0.7
Spellcasting   | |  2.1
Translocations | |  3.0

Action                     || total
---------------------------++-------
  Melee: Falchion          ||    68
         Bite              ||    16
 Armour: Leather armour    ||     5
         Ring mail         ||    19
  Dodge: Dodged            ||    36

Table legend: (Time is in decaauts)
 A = Elapsed time spent in this place.
 B = Non-inter-level travel time spent in this place.
 C = Inter-level travel time spent in this place.
 D = Time resting spent in this place.
 E = Time spent auto-exploring this place.
 F = Levels seen in this place.
 G = Mean time per level.
                   A        B        C        D        E       F      G
               +--------+--------+--------+--------+--------+-----+--------+
         Total |   1011 |    898 |    113 |      2 |    670 |   2 |  505.5 |
       Dungeon |   1011 |    898 |    113 |      2 |    670 |   2 |  505.5 |
               +--------+--------+--------+--------+--------+-----+--------+

Top non-repeatable levels by time:
     D:1: 888 daAuts
     D:2: 122 daAuts
